 Dungeon Crawl Stone Soup version 0.30.0-29-ga12c61a403 (webtiles) character file.

Game seed: 1786711059621219810

96 seaoflcl the Shield-Bearer (level 4, -1/35 HPs)
             Began as a Human Fighter on June 4, 2023.
             Slain by Crazy Yiuf
             ... wielding a +3 quarterstaff of chaos
              (5 damage)
             ... on level 2 of the Dungeon.
             The game lasted 00:02:37 (1318 turns).

seaoflcl the Shield-Bearer (Human Fighter)          Turns: 1318, Time: 00:02:37

Health: -1/35      AC: 14    Str: 19    XL:     4   Next: 98%
Magic:  1/4        EV:  5    Int:  8    God:
Gold:   38         SH:  4    Dex: 12    Spells: 3/3 levels left

rFire   . . .        a - +0 long sword
rCold   . . .        c - +0 buckler
rNeg    . . .        d - +0 plate armour
rPois   .            (no helmet)
rElec   .            (no cloak)
rCorr   .            f - +2 pair of gloves
SInv    .            (no boots)
Will    .....        (no amulet) Stlth
                     (no ring)
HPRegen 0.25/turn    (no ring)
MPRegen 0.09/turn

%: no passive effects
@: no status effects
A: no striking features
a: no special abilities


You were on level 2 of the Dungeon.
You visited 1 branch of the dungeon, and saw 2 of its levels.

You collected 38 gold pieces.

Inventory:

Hand Weapons
 a - a +0 long sword (weapon)
Armour
 b - a +0 scale mail
 c - a +0 buckler (worn)
 d - a +0 plate armour (worn)
 f - a +2 pair of gloves (worn)
 k - the +1 ring mail of Feasting {Str+5}
   (You found it on level 2 of the Dungeon)

   Str:       It affects your strength (+5).
Magical Staves
 l - a staff of death
Jewellery
 e - a ring of wizardry
Scrolls
 g - 6 scrolls of poison {unknown}
 h - a scroll of vulnerability {unknown}
 i - a scroll of magic mapping {unknown}
 j - a scroll of teleportation {unknown}
Potions
 m - a potion of haste {unknown}


   Skills:
 - Level 3.2 Fighting
 * Level 3.5 Long Blades
 + Level 3.5 Armour
 + Level 3.6 Shields


You had 3 spell levels left.
You didn't know any spells.
Your spell library contained the following spells:

 Spells                   Type           Power      Damage    Failure   Level
 Apportation              Tloc           0%         N/A       100%        1
 Necrotise                Necr           0%         1d4       100%        1
 Summon Small Mammal      Summ           0%         N/A       100%        1
 Sublimation of Blood     Necr           0%         N/A       100%        2
 Wereblood                Tmut           0%         N/A       100%        2
 Summon Hydra             Summ           0%         N/A       100%        7


Dungeon Overview and Level Annotations

Branches:
Dungeon (2/15)

Altars:

Shops:
D:2 =

Annotations:
D:2 Crazy Yiuf


Message History

You see here a +0 dagger.
Found a hammer.
Found a runed translucent door.
Crazy Yiuf shouts!
Crazy Yiuf says, "Crazy?
Crazy!?
PORCUPINE!"
You see here a +0 dagger.
You pick up a book of Blood and begin reading...
You add the spells Sublimation of Blood, Wereblood and Summon Hydra to your library.
You see here a +0 dagger.
Things that are here:
a +0 short sword; 4 stones You see here a +0 club.
You see here a +0 club.
You see here a +0 club.
You see here a +0 club.
Things that are here:
a +0 short sword; 4 stones You see here a +0 robe.
You see here a +0 dagger.
Crazy Yiuf yells, "Cholesterol verde hand!"
You open the door. You barely miss Crazy Yiuf.
Crazy Yiuf hits you but does no damage.
Crazy Yiuf screams, "Paint!
Peeping arga tortoise."
Crazy Yiuf hits you but does no damage.
You closely miss Crazy Yiuf.
Crazy Yiuf hits you with a +3 quarterstaff of chaos!
You feel your power leaking away.
You slash Crazy Yiuf!
Crazy Yiuf is heavily wounded.
Crazy Yiuf hits you with a +3 quarterstaff of chaos.
You closely miss Crazy Yiuf.
Crazy Yiuf is heavily wounded.
You block Crazy Yiuf's attack.
You closely miss Crazy Yiuf.
Crazy Yiuf is heavily wounded.
Crazy Yiuf hits you with a +3 quarterstaff of chaos.
Crazy Yiuf freezes you.
Crazy Yiuf hits you with a +3 quarterstaff of chaos!
* * * LOW HITPOINT WARNING * * *
Crazy Yiuf freezes you.
You die...

.####.###.##
#....#####.# .....##
##.# #....# #.# ###.##
### #....# #.# # ##.##
##.# ##...# #.#
#..###.## ##.## #.#
#.#.#.## ##.# ###.#
#.#..## #.## #.[.# ###
#.#..# ##.# #######.##
####.#..# #@##
#........# ...#.#..####
#g# ##.####.####
##.#.#.....# ...
#.....(....
#....#.##### #...#
#######.###. .......#
#)..# #.......# #.
#...######## #####
##.#.##.###.
...........#
#.#.##.^...
#...#########
#####.#.##.###. ##.##
#.#######..##.#.##.###.


You could see Crazy Yiuf.

Vanquished Creatures
  A scorpion (D:2)
  An adder (D:2)
  2 bats (D:2)
  2 endoplasms
  4 goblins (D:2)
  5 hobgoblins
  A quokka (D:1)
  6 ball pythons
  A kobold (D:2)
  8 rats
31 creatures vanquished.

Notes
Turn   | Place    | Note
-------+----------+-------------------------------------------
     0 | D:1      | seaoflcl the Human Fighter began the quest for the Orb.
     0 | D:1      | Reached XP level 1. HP: 18/18 MP: 1/1
    87 | D:1      | Reached XP level 2. HP: 17/24 MP: 2/2
   222 | D:1      | You fall into a shaft and drop 1 floor!
   428 | D:2      | Reached XP level 3. HP: 9/29 MP: 3/3
   574 | D:2      | Identified the +1 ring mail of Feasting {Str+5}
   671 | D:2      | Noticed a scorpion
   686 | D:2      | Killed a scorpion
   687 | D:2      | Reached XP level 4. HP: 5/35 MP: 4/4
   924 | D:2      | Found Jenifah's Jewellery Emporium.
  1028 | D:2      | Found a runed translucent door.
  1029 | D:2      | Noticed Crazy Yiuf
  1318 | D:2      | Slain by Crazy Yiuf

Illustrated notes

Levels and vault maps discovered:
D:1:      enne_arrival_octagon_isle, layout_rooms, chequers_big_river,
          minmay_misc_feat_rows
D:2:      layout_loops_ring, serial_shops, shop, uniq_crazy_yiuf_cottage

Skill      XL: |  1  2  3 |
---------------+----------+-----
Long Blades    | 3 |  3.5
Fighting       | |  3.2
Armour         | |  3.5
Shields        | |  3.6

Action                     |  1- 3 |  4- 6 || total
---------------------------+-------+-------++-------
  Melee: Long sword        |    91 |    15 ||   106
    Use: Potion            |     1 |     4 ||     5
 Armour: Scale mail        |    28 |       ||    28
         Plate armour      |    16 |     7 ||    23
  Dodge: Dodged            |    39 |       ||    39
  Block: Buckler           |    28 |     3 ||    31
